 Dungeon Crawl Stone Soup version 0.25-a0-161-gb7fd73da8f (webtiles) character file.

Game seed: 5205036034859641725, levelgen mode: deterministic

61 MisterFreud the Changer (level 3, -5/18 HPs)
             Began as a Felid Wanderer on Nov 21, 2019.
             Killed from afar by Sigmund (8 damage)
             ... with a puff of flame
             ... on level 2 of the Dungeon.
             The game lasted 00:04:31 (2380 turns).

MisterFreud the Changer (Felid Wanderer)            Turns: 2380, Time: 00:04:31

Health: -5/18      AC:  1    Str:  8    XL:     3   Next: 83%
Magic:  13/14      EV: 15    Int: 12    God:
Gold:   83         SH:  0    Dex: 17    Spells: 3/4 levels left
                                        Lives:  0   Deaths: 0

rFire    . . .     SeeInvis +     - Unarmed
rCold    . . .     Gourm    .   (shield unavailable)
rNeg     . . .     Faith    +   (armour unavailable)
rPois    .         Spirit   .   (helmet unavailable)
rElec    .         Reflect  .   (cloak unavailable)
rCorr    .         Harm     .   (gloves unavailable)
MR       .....                  (boots unavailable)
Stlth    +++.......             e - amulet of faith
HPRegen  0.06/turn              a - ring of magical power
MPRegen  0.14/turn              (no ring)

@: appendage (expiring), quick
A: very small, no armour, no weapons or thrown items, stealth, claws 1, fangs 3,
horns 2, see invisible, carnivore, speed 1, shaggy fur 1, slow metabolism 1,
sharp paws
a: End Transformation


You were on level 2 of the Dungeon.
You were completely stuffed.
You had grown temporary horns.
You visited 1 branch of the dungeon, and saw 2 of its levels.

You collected 83 gold pieces.

Inventory:

Jewellery
 a - a ring of magical power (left paw)
 e - an amulet of faith (around neck)
Scrolls
 b - a scroll of identify {unknown}
 h - a scroll of noise {unknown}
 i - a scroll of fear {unknown}
 j - a scroll of blinking {unknown}
Potions
 d - a potion of haste
 f - a potion of curing {unknown}
 g - a potion of lignification {unknown}
 k - a potion of might {unknown}
Comestibles
 c - 6 rations


   Skills:
 - Level 4.0 Fighting
 - Level 2.6 Stealth
 + Level 1.6 Unarmed Combat
 + Level 1.3 Spellcasting
 - Level 4.3 Transmutations
   Level 1.0 Fire Magic


You had 3 spell levels left.
You knew the following spells:

 Your Spells              Type           Power        Failure   Level  Hunger
a - Beastly Appendage     Tmut           ##....       4%          1    ##.....

Your spell library contained the following spells:

 Spells                   Type           Power        Failure   Level  Hunger
 Apportation              Tloc           #.....       30%         1    ##.....
 Spider Form              Tmut/Pois      #.........   34%         3    ####...
 Gell's Gravitas          Tloc           #.........   65%         3    ####...


Dungeon Overview and Level Annotations

Branches:
Dungeon (2/15)

Altars:

Annotations:
D:2 Sigmund


Innate Abilities, Weirdness & Mutations

You cannot wear armour.
You are incapable of wielding weapons or throwing items.
Your paws allow you to move quietly. (Stealth)
You have sharp claws.
You have razor-sharp teeth.
You have supernaturally acute eyesight. (SInv)
You are carnivorous and can eat meat at any time.
You cover ground quickly.
You are covered in fur. (AC +1)
You have a slow metabolism.
Your sharp claws are effective at attacking unaware monsters.
You have a pair of horns on your head.


Message History

Confirm with . or Enter, or press ? or * to list all spells.
You grow a pair of large bovine horns.
Sigmund hits you with a +0 scythe.
Okay, then.
Unknown command.
Okay, then.
You scratch Sigmund but do no damage.
Sigmund is moderately wounded.
You scratch Sigmund. Your bite misses Sigmund.
Sigmund is moderately wounded.
Sigmund drinks a potion.
Sigmund seems to speed up.
You scratch Sigmund but do no damage. You headbutt Sigmund.
Sigmund is moderately wounded.
Your transformation is almost over.
Sigmund hits you with a +0 scythe!
Ouch! That really hurt!
* * * LOW HITPOINT WARNING * * *
Unknown command.
Sigmund gestures at you while chanting. The puff of flame hits you!
You die...

#.....##########..#####.#
#.###.##................# ###
#. #.##.#############..# ..#
#.###.##.## ###.รท# #.#
#.....#.#.## #....# #.#
###.##.###.## #.##.# #.#
#.#.## ##.##### #.##.# #.#
#..## ##....# #.##.# #.# ###.#
##@###.# #.##.# #.# #.#
#.####. #.##.#
#.######.....#@......####.##.#
..........# #.....##.........#
#########.# ###.#.##.####.####
# #.#.##. #.# # #...##. #.# #
##? ##. #.# # . #. #.#


You could see Sigmund.

Vanquished Creatures
  2 adders (D:2)
  An ooze (D:1)
  2 giant cockroaches (D:2)
  7 goblins
  5 hobgoblins
  4 jackals (D:2)
  2 kobolds (D:2)
  A quokka (D:2)
  A ball python (D:1)
  3 bats
  2 frilled lizards
  5 rats
35 creatures vanquished.

Notes
Turn   | Place    | Note
-------+----------+-------------------------------------------
     0 | D:1      | MisterFreud the Felid Wanderer began the quest for the Orb.
     0 | D:1      | MisterFreud set off with the following items: a ration; and
                  | the following spells available to memorise: Beastly
                  | Appendage, Apportation, Spider Form, Gell's Gravitas
     0 | D:1      | Reached XP level 1. HP: 10/10 MP: 2/2
   635 | D:1      | Reached XP level 2. HP: 8/15 MP: 3/3
  1165 | D:1      | Learned a level 1 spell: Beastly Appendage
  1575 | D:2      | Reached XP level 3. HP: 18/18 MP: 4/4
  1707 | D:2      | Reached skill level 1 in Unarmed Combat
  1881 | D:2      | Noticed Sigmund
  1892 | D:2      | Reached skill level 1 in Spellcasting
  2380 | D:2      | Killed from afar by Sigmund

Levels and vault maps discovered:
D:1:      minmay_arrival_cross, layout_basic
D:2:      layout_loops_ring, serial_glass, glass_columns_a, glass_columns_b,
          hangedman_abyss_or_decor_stabs, uniq_sigmund

Skill      XL: |  1  2  3 |
---------------+----------+-----
Fighting       | 4 |  4.0
Unarmed Combat | 1 |  1.6
Spellcasting   | 1 |  1.3
Stealth        | |  2.6
Transmutations | |  4.3
Fire Magic     | |  1.0

Action                   || total
-------------------------++-------
Melee: Unarmed           ||   122
       Bite              ||    14
       Headbutt          ||     5
 Cast: Beastly Appendage ||     9
 Stab: Sleeping          ||     7
  Eat: Chunk             ||    11
Armor: Skin              ||     8
Dodge: Dodged            ||    83

Table legend:
 A = Non-vault XP
 B = Vault XP
 C = Vault XP percentage of total XP
 D = Non-vault monster count
 E = Vault monster count
 F = Vault count percentage of total count
                 A         B        C        D         E       F
            +---------+---------+-------+---------+---------+-------
      Total |      88 |       0 |   0.0 |      35 |       0 |   0.0
            +---------+---------+-------+---------+---------+-------
        D:1 |      33 |       0 |   0.0 |      16 |       0 |   0.0
        D:2 |      55 |       0 |   0.0 |      19 |       0 |   0.0
            +---------+---------+-------+---------+---------+-------
